 Dungeon Crawl Stone Soup version 0.30-a0-578-gdee14c521f (webtiles) character file.

Game seed: 2725587567393060417

1283 bande the Chopper (level 8, -2/49 HPs)
             Began as a Gargoyle Fighter on Jan 1, 2023.
             Killed from afar by a steam dragon (20 damage)
             ... with a ball of steam
             ... on level 6 of the Dungeon.
             The game lasted 00:07:43 (5789 turns).

bande the Chopper (Gargoyle Fighter)                Turns: 5789, Time: 00:07:44

Health: -2/49      AC: 19    Str: 25    XL:     8   Next: 54%
Magic:  8/8        EV: 13    Int: 10    God:
Gold:   149        SH:  5    Dex: 11    Spells: 7/7 levels left

rFire   . . .      SeeInvis .    a - +1 war axe
rCold   . . .      Faith    .    c - +0 buckler
rNeg    + . .      Spirit   .    x - +0 chain mail
rPois   ∞          Reflect  .    (no helmet)
rElec   +          Harm     .    e - +0 cloak
rCorr   .          Rampage  .    (no gloves)
Will    .....                    t - +1 pair of boots Stlth
                                 (no amulet)
HPRegen 0.28/turn                A - +5 ring of evasion
MPRegen 0.11/turn                b - +6 ring of strength

@: no status effects
A: sickness immunity, AC +5, negative energy resistance 1, electricity
resistance, torment resistance 1, petrification resistance
a: no special abilities


You were on level 6 of the Dungeon.
You visited 1 branch of the dungeon, and saw 6 of its levels.

You collected 149 gold pieces.

Inventory:

Hand Weapons
 a - a +1 war axe (weapon)
 q - a +2 flail of holy wrath
Missiles
 l - a throwing net (quivered)
Armour
 c - a +0 buckler (worn)
 e - a +0 cloak (worn)
 t - a +1 pair of boots (worn)
 x - a +0 chain mail (worn)
Jewellery
 b - a +6 ring of strength (right hand)
 j - a +6 ring of intelligence
 s - a ring of flight
 A - a +5 ring of evasion (left hand)
Wands
 o - a wand of quicksilver (10)
 p - a wand of iceblast (4)
 r - a wand of paralysis (11)
Scrolls
 h - 3 scrolls of identify
 m - 2 scrolls of teleportation
Potions
 d - 2 potions of might
 f - a potion of resistance {unknown}
 g - a potion of heal wounds
 i - a potion of flight {unknown}
 k - a potion of ambrosia {unknown}
 n - a potion of haste {unknown}
 u - a potion of invisibility {unknown}
 v - a potion of curing {unknown}


   Skills:
 + Level 5.1 Fighting
 + Level 6.2 Axes
 + Level 6.0 Armour
 - Level 0.4 Dodging
 + Level 4.8 Shields
 * Level 2.9 Evocations


You had 7 spell levels left.
You didn't know any spells.
Your spell library contained the following spells:

 Spells                   Type           Power      Damage    Failure   Level
 Sandblast                Erth           0%         2d4       96%         1
 Passwall                 Tmut/Erth      0%         N/A       99%         2
 Stone Arrow              Conj/Erth      0%         3d7       100%        3


Dungeon Overview and Level Annotations

Branches:
Dungeon (6/15)
 Temple: D:4-7

Altars:
Ashenzari
Dithmenos
Elyvilon
Gozag
Kikubaaqudgha
Okawaru
Ru
Trog
Uskayaw
Vehumet
Wu Jian
Xom
The Shining One


Innate Abilities, Weirdness & Mutations

You are immune to sickness and miasma.
Your stone body is resilient. (AC +5)
You are immune to poison.
You resist negative energy. (rN+)
You are resistant to electric shocks. (rElec)
You are resistant to unholy torment.
You are immune to petrification.


Message History

Reactivating autopickup.
The killer bee closely misses you.
The killer bee stings you but does no damage.
You miss the killer bee.
The killer bee is severely wounded.
You block the killer bee's attack. The killer bee barely misses you.
The orc wizard casts a spell.
The orc wizard flickers and vanishes!
Deactivating autopickup; reactivate with Ctrl-A.
The killer bee misses you.
You miss the killer bee.
The killer bee is severely wounded.
The killer bee closely misses you.
The killer bee stings you but does no damage.
You closely miss the killer bee.
The killer bee is severely wounded.
The killer bee stings you. The killer bee barely misses you.
The killer bee misses you.
You closely miss the killer bee.
The killer bee is severely wounded.
The killer bee stings you but does no damage.
The killer bee misses you.
You slash the killer bee!
You kill the killer bee!
Something hits you but does no damage.
You hit something. The steam dragon breathes steam at you.
The ball of steam hits you but does no damage.
Something hits you but does no damage.
You miss something.
You are engulfed in a cloud of scalding steam.
Reactivating autopickup.
You feel a bit more experienced.
Your Armour skill increases to level 6!
You closely miss the steam dragon. The steam dragon barely misses you.
The steam dragon claws you but does no damage.
You barely miss the steam dragon. The steam dragon breathes steam at you.
The ball of steam hits you!!
You die...

############
#..........#######
#.######......[..# #@#
#.........# ## #D#
#.........#
##...####h##
#.........#
.......o{lO#
#.....#####
........oSD# #.....#
...........# #.....#
...........### #.....#
.............>##.....#
.#.........##.##.....#


You could see 2 steam dragons, a black bear, an ogre, an iguana, an adder and an
orc.

Vanquished Creatures
  An ice beast (D:6)
  An ogre (D:6)
  A phantom (D:6)
  A kobold brigand (D:6)
  A necrophage (D:5)
  2 scorpions
  5 killer bees (D:6)
  3 jellies
  2 hounds (D:5)
  An orc priest (D:5)
  4 iguanas
  An orc wizard (D:5)
  8 adders
  8 gnolls
  A worm (D:2)
  2 dart slugs
  9 orcs
  5 bats
  7 endoplasms
  3 giant cockroaches
  11 goblins
  9 hobgoblins
  14 kobolds
  2 quokkas
  9 ball pythons
  5 frilled lizards
  5 rats
121 creatures vanquished.

Vanquished Creatures (others)
  An orc wizard (D:6)
  A fungus (D:3)
2 creatures vanquished.

Grand Total: 123 creatures vanquished

Notes
Turn   | Place    | Note
-------+----------+-------------------------------------------
     0 | D:1      | bande the Gargoyle Fighter began the quest for the Orb.
     0 | D:1      | Reached XP level 1. HP: 14/14 MP: 1/1
   132 | D:1      | Reached XP level 2. HP: 17/19 MP: 2/2
   582 | D:1      | Reached XP level 3. HP: 22/23 MP: 3/3
  1630 | D:2      | Reached XP level 4. HP: 28/29 MP: 4/4
  2053 | D:2      | Found a glowing golden altar of the Shining One.
  2659 | D:3      | Found a shadowy altar of Dithmenos.
  2704 | D:3      | Noticed a scorpion
  2717 | D:3      | Killed a scorpion
  2718 | D:3      | Reached XP level 5. HP: 22/33 MP: 5/5
  3115 | D:3      | Found an iron altar of Okawaru.
  3116 | D:3      | Found a shimmering altar of Xom.
  3277 | D:3      | Found an ancient bone altar of Kikubaaqudgha.
  3330 | D:3      | Found an ornate altar of the Wu Jian Council.
  3701 | D:4      | Reached XP level 6. HP: 35/38 MP: 6/6
  4100 | D:4      | Found a sacrificial altar of Ru.
  4231 | D:4      | Found a radiant altar of Vehumet.
  4234 | D:4      | Found a broken altar of Ashenzari.
  4238 | D:4      | Found a hide-covered altar of Uskayaw.
  4243 | D:4      | Found a bloodstained altar of Trog.
  4243 | D:4      | Found a white marble altar of Elyvilon.
  4409 | D:5      | Entered Level 5 of the Dungeon
  4652 | D:5      | Reached skill level 5 in Armour
  4734 | D:5      | Reached skill level 1 in Evocations
  4734 | D:5      | Reached XP level 7. HP: 38/44 MP: 7/7
  4819 | D:5      | Identified the +3 sling of bande's Anguish {flame, rF- rC+
                  | SInv}
  4962 | D:5      | Reached skill level 5 in Axes
  5498 | D:6      | Reached XP level 8. HP: 48/48 MP: 8/8
  5547 | D:6      | Found an opulent altar of Gozag.
  5739 | D:6      | Reached skill level 5 in Fighting
  5789 | D:6      | Killed from afar by a steam dragon

Illustrated notes

Levels and vault maps discovered:
D:1:      kennysheep_arrival_seaside, layout_basic, minmay_pentomino_x2
D:2:      layout_basic, basic_altar, palyth_stone_intersect, grunt_ministairs_5
D:3:      layout_loops_cross, mainiacjoe_overflow_chevrons,
          nicolae_wu_jian_wuxing_cycle, nicolae_overflow_hidden_temple,
          grunt_decor_arrowhead
D:4:      layout_basic, grunt_temple_overflow_open,
          nicolae_ru_the_path_less_chosen
D:5:      layout_loops_corners
D:6:      layout_basic, mainiacjoe_overflow_concentric_impassable,
          makhleb_altar_promises_db, nicolae_overflow_crystal_walls,
          worldfamousw_hep_ancestral_shrine, temple_fountains,
          minmay_misc_feat_diagonals

Skill      XL: |  1  2  3  4  5  6  7  8 |
---------------+-------------------------+-----
Axes           | 2 3 4 5 6 |  6.2
Armour         | 4 5 6 |  6.0
Fighting       | 4 5 |  5.1
Shields        | 4 |  4.8
Evocations     | 1 2 |  2.9
Dodging        | |  0.4

Action                   |  1- 3 |  4- 6 |  7- 9 || total
-------------------------+-------+-------+-------++-------
Melee: War axe           |   113 |   201 |   147 ||   461
  Use: Scroll            |       |     9 |       ||     9
       Potion            |       |       |     1 ||     1
Armor: Scale mail        |    60 |    79 |       ||   139
       Chain mail        |       |    52 |   121 ||   173
Dodge: Dodged            |    63 |    86 |   100 ||   249
Block: Buckler           |    35 |    35 |    50 ||   120

Table legend: (Time is in decaauts)
 A = Elapsed time spent in this place.
 B = Non-inter-level travel time spent in this place.
 C = Inter-level travel time spent in this place.
 D = Time resting spent in this place.
 E = Time spent auto-exploring this place.
 F = Levels seen in this place.
 G = Mean time per level.
                   A        B        C        D        E       F      G
               +--------+--------+--------+--------+--------+-----+--------+
         Total |   5952 |   5652 |    300 |    726 |   3845 |   6 |  992.0 |
       Dungeon |   5952 |   5652 |    300 |    726 |   3845 |   6 |  992.0 |
               +--------+--------+--------+--------+--------+-----+--------+

Top non-repeatable levels by time:
     D:1: 1400 daAuts
     D:2: 1297 daAuts
     D:5: 1097 daAuts
     D:3: 990 daAuts
     D:4: 835 daAuts
     D:6: 330 daAuts
